[Event "*** SCC Grand Prix: Titled Tuesday Blitz"]
[Site "Chess.com"]
[Date "2020.10.06"]
[Round "1"]
[White "vovachesss"]
[Black "KiranManisha"]
[Result "1-0"]
[WhiteElo "2672"]
[BlackElo "2350"]
[TimeControl "180+1"]
[EndTime "10:07:13 PDT"]
[Termination "vovachesss won by checkmate"]

1. Nf3 Nf6 2. c4 c5 3. Nc3 Nc6 4. e3 e5 5. g3 g6 6. Bg2 Bg7 7. O-O O-O 8. d3 d6 9. a3 a5 10. Ne1 Ne8 11. Nc2 Nc7 12. Rb1 a4 13. Ne1 Bd7 14. Nxa4 Rxa4 15. Qxa4 f5 16. Qd1 Ne6 17.
b4 b6 18. Nc2 f4 19. Bb2 g5 20. d4 cxd4 21. exd4 Ne7 22. dxe5 dxe5 23. Re1 Ng6 24.
Qd6 f3 25. Bh3 Qe8 26. Rbd1 Bc8 27. Ne3 Nef4 28. Bxc8 Qxc8 29. gxf4 gxf4 30. Kh1 fxe3 31. Rxe3 Qh3 32. Rg1 Rf5 33. Qd3 Rh5 34. Qd8+ Bf8 35. Qd5+ Kh8 36. Bxe5+ Nxe5 37. Qg8# 1-0

[Event "*** SCC Grand Prix: Titled Tuesday Blitz"]
[Site "Chess.com"]
[Date "2020.10.06"]
[Round "1"]
[White "UCantHandleDenker"]
[Black "secretsuperstar7"]
[Result "1-0"]
[WhiteElo "2566"]
[BlackElo "2253"]
[TimeControl "180+1"]
[EndTime "10:07:14 PDT"]
[Termination "UCantHandleDenker won on time"]

1. Nf3 d5 2. g3 Nf6 3. Bg2 e6 4. O-O Be7 5. d3 O-O 6. Nbd2 c5 7. e4 Nc6 8. Re1 Qc7 9. Qe2 a6 10. e5 Nd7 11. Nf1 b5 12. h4 b4 13. N1h2 Bb7 14. h5 Nd4 15. Nxd4 cxd4 16. Bf4 Rac8 17. Rac1 Qa5 18. h6 g6 19. Ra1 Qc5 20. Rec1 Qb6 21. Qd2 f6 22. exf6 Bxf6 23. Ng4 Bh8 24. Re1 Rce8 25. Ne5 Nxe5 26. Bxe5 Bxe5 27. Rxe5 Qd6 28. Rae1 Bc8 29. Bxd5 Bd7 30. Bg2 Rf6 31. f4 Rc8 32.
Bh3 Rc6 33. R1e2 Qf8 34. Qe1 Qxh6 35. Bxe6+ Bxe6 36. Rxe6 Rcxe6 37. Rxe6 Rf8 38. Re7 Qh3 39. Qe6+ Qxe6 40. Rxe6 Ra8 41. Rc6 a5 42. Rc4 Rd8 43.
Kf2 Kf7 44. a3 bxa3 45. bxa3 Ke6 46. Ra4 Rd5 47. Kf3 Rc5 48. Rc4 Rxc4 49. dxc4 Kd6 50. Ke4 Kc5 51. Kd3 h6 52. c3 dxc3 53. Kxc3 h5 54. a4 Kc6 55. Kd4 Kd6 56. c5+ Kc6 57. Kc4 Kc7 58. Kb5 1-0

[Event "*** SCC Grand Prix: Titled Tuesday Blitz"]
[Site "Chess.com"]
[Date "2020.10.06"]
[Round "1"]
[White "eCztery"]
[Black "ThePatrick27"]
[Result "0-1"]
[WhiteElo "2251"]
[BlackElo "2563"]
[TimeControl "180+1"]
[EndTime "10:07:14 PDT"]
[Termination "ThePatrick27 won by checkmate"]

1. e4 e5 2. Nf3 Nc6 3. d4 exd4 4. Bc4 Nf6 5. O-O d6 6. Nxd4 Nxd4 7. Qxd4 Be7 8. Nc3 O-O 9. Bg5 h6 10. Bh4 Be6 11.
Rad1 Bxc4 12. Qxc4 Qc8 13. Bxf6 Bxf6 14. Nd5 Bd8 15.
Rd3 c6 16. Ne3 Bf6 17. Nf5 d5 18. Qc5 dxe4 19. Rg3 Kh8 20. Nd6 Qe6 21. Nxb7 Rab8 22. Nd6 Be5 23. Nxe4 Bxg3 24. Nxg3 Qxa2 25. b3 Qa6 26.
Nf5 Qb5 27. Qxb5 cxb5 28. Nd6 Rb6 29. Ne4 Rc8 30. Rc1 Rbc6 31. g3 Rxc2 32. Re1 Kh7 33. Kg2 Rb2 34. Nd6 Rcc2 35. Kf3 Rxf2+ 36. Ke3 Rf6 37. Ne4 Re6 38. Rc1 f5 39. Rc7 Rxe4+ 40. Kd3 Rxb3+ 41. Kc2 Rc4+ 42. Kxb3 Rxc7 43. h4 h5 44. Kb4 Rc4+ 45. Ka5 Rg4 46. Ka6 Rxg3 47. Ka5 Rg4 48. Ka6 Rxh4 49. Ka5 Rg4 50. Ka6 f4 51.
Ka5 f3 52. Ka6 f2 53. Ka5 b4 54. Ka6 b3 55. Ka5 b2 56. Ka6 b1=Q 57. Ka5 Qb3 58. Ka6 Ra4# 0-1

[Event "*** SCC Grand Prix: Titled Tuesday Blitz"]
[Site "Chess.com"]
[Date "2020.10.06"]
[Round "1"]
[White "gumimis"]
[Black "crazy_but_lazy"]
[Result "0-1"]
[WhiteElo "2242"]
[BlackElo "2559"]
[TimeControl "180+1"]
[EndTime "10:07:14 PDT"]
[Termination "crazy_but_lazy won by checkmate"]

1. e4 c5 2. Nf3 Nc6 3. d4 cxd4 4. Nxd4 g6 5. c4 Bg7 6. Be3 Nf6 7. Nc3 d6 8. Be2 O-O 9. O-O Bd7 10. Nc2 Rc8 11.
Qd2 Ng4 12. Bxg4 Bxg4 13. Rac1 Be6 14. b3 Qa5 15. Nd4 Nxd4 16. Bxd4 a6 17. f4 Bxd4+ 18. Qxd4 Qc5 19. Ne2 f5 20. e5 dxe5 21. fxe5 Rfd8 22. Qxc5 Rxc5 23. Nf4 Kf7 24. Rce1 g5 25. Ne2 Rxe5 26.
h4 Rd2 27. Nc3 Rxe1 28. Rxe1 gxh4 29. Re2 Rd3 30. Na4 h3 31. Nc5 Rd1+ 32. Kh2 hxg2 33.
Kxg2 Bc8 34. Kg3 Kf6 35. Kf4 e5+ 36. Kg3 f4+ 37. Kf3 Bf5 38. Rh2 Rf1+ 39. Ke2 Ra1 40. Kf3 Re1 41. Nxb7 Re3+ 42. Kf2 e4 43. Nc5 Rc3 44.
Rh6+ Kg5 45. Rxa6 Rc2+ 46. Ke1 f3 47. Ne6+ Kh4 48. Nd4 f2+ 49. Kf1 Bh3# 0-1

[Event "*** SCC Grand Prix: Titled Tuesday Blitz"]
[Site "Chess.com"]
[Date "2020.10.06"]
[Round "1"]
[White "FloMasterAAK"]
[Black "narutosmith"]
[Result "1-0"]
[WhiteElo "2543"]
[BlackElo "2212"]
[TimeControl "180+1"]
[EndTime "10:07:14 PDT"]
[Termination "FloMasterAAK won by resignation"]

1. e4 c5 2. Nf3 e6 3. Be2 Nc6 4. O-O Qc7 5. c4 Nf6 6. Nc3 e5 7. Nd5 Nxd5 8. exd5 Nb8 9. Re1 Be7 10. b4 cxb4 11.
d4 exd4 12. Nxd4 O-O 13. d6 Qxd6 14. Nf5 Qf6 15. Bd3 Bc5 16. Qh5 g6 17. Nh6+ Kg7 18. Qxc5 Qxa1 19. Qxb4 Nc6 20. Bb2+ f6 21. Qxf8+ Kxf8 22. Bxa1 d6 23. Bxf6 Bd7 24. h4 Re8 25. Rxe8+ Bxe8 26. h5 Na5 27. Bc3 Nc6 28. Ng4 Ke7 29. Nf6 Bf7 30.
Nxh7 gxh5 31. Bf6+ Kd7 32. Ng5 Bg8 33. Be2 Kc7 34.
Ne4 Na5 35. Bd8+ Kxd8 36. Nxd6 Kc7 37. Nb5+ Kb6 38. Nd6 Bf7 39. Nxf7 Kc5 40. Ne5 Kd4 41. Nf3+ Kc3 42. c5 Kb2 43. Nd2 Nc6 44. Bxh5 Nd4 45.
Bf3 Nc2 46. Bxb7 Nd4 47. c6 Ne6 48. c7 Nxc7 49. Nc4+ Kc3 50. Nd6 Nb5 51. Nxb5+ Kb4 52. Nxa7 Ka5 53. Nc8 1-0

[Event "*** SCC Grand Prix: Titled Tuesday Blitz"]
[Site "Chess.com"]
[Date "2020.10.06"]
[Round "1"]
[White "Kotofeyca"]
[Black "DeGrootteZ"]
[Result "1-0"]
[WhiteElo "2361"]
[BlackElo "2651"]
[TimeControl "180+1"]
[EndTime "10:07:15 PDT"]
[Termination "Kotofeyca won by resignation"]

1. d4 d5 2. c4 e6 3. Nc3 a6 4. cxd5 exd5 5. Nf3 Nf6 6. Bg5 Be6 7. e3 Nbd7 8. Bd3 Bd6 9. O-O O-O 10. a3 c6 11. b4 b5 12. e4 dxe4 13. Nxe4 Be7 14. Nc5 Bd5 15. Ne5 h6 16. Bh4 Nxe5 17. dxe5 Nd7 18.
Nb7 Qe8 19. Nd6 Qd8 20. Nb7 Qe8 21. Nd6 Bxd6 22. exd6 f6 23. Re1 Ne5 24. f4 Qd7 25. fxe5 fxe5 26. Be7 Qe6 27. Bxf8 Rxf8 28. Rf1 Rd8 29. Qh5 e4 30. Rae1 Qxd6 31. Bxe4 Bc4 32. Rf3 Qd4+ 33. Rfe3 Bf7 34. Qf3 Re8 35. h3 c5 36.
bxc5 Qxc5 37. Kh1 Rf8 38. Qf5 Qxf5 39. Bxf5 Bc4 40. Be6+ Bxe6 41. Rxe6 Rf4 42. Rxa6 1-0

[Event "*** SCC Grand Prix: Titled Tuesday Blitz"]
[Site "Chess.com"]
[Date "2020.10.06"]
[Round "1"]
[White "ethylalcohol"]
[Black "Mikhail_Golubev"]
[Result "0-1"]
[WhiteElo "2151"]
[BlackElo "2521"]
[TimeControl "180+1"]
[EndTime "10:07:15 PDT"]
[Termination "Mikhail_Golubev won on time"]

1. d4 Nf6 2. Nf3 d6 3. Nc3 g6 4. Bf4 Bg7 5. Qd2 O-O 6. O-O-O c6 7. Bh6 b5 8. Bxg7 Kxg7 9. e4 b4 10. e5 dxe5 11. dxe5 Qxd2+ 12. Rxd2 bxc3 13. exf6+ Kxf6 14. bxc3 Be6 15. Nd4 Bxa2 16. c4 Rd8 17. Kb2 c5 18.
Nf3 Nc6 19. Kxa2 Nb4+ 20. Kb2 Rdb8 21. c3 Nc6+ 22. Kc2 Rb6 23. Be2 Rab8 24. Rc1 Na5 25. Rd7 Rb2+ 26. Kd1 Nb3 27. Nd2 Nxc1 28. Kxc1 Ra2 29.
Ne4+ Kg7 30. Bd3 e6 31. Ng5 Rxf2 32. Nxe6+ Kh6 33. Nxc5 f5 34. Bc2 Rxg2 35. Rd2 Rg4 36. h3 Rxc4 0-1

[Event "*** SCC Grand Prix: Titled Tuesday Blitz"]
[Site "Chess.com"]
[Date "2020.10.06"]
[Round "1"]
[White "aa175"]
[Black "manitodeplomo"]
[Result "1-0"]
[WhiteElo "2302"]
[BlackElo "2571"]
[TimeControl "180+1"]
[EndTime "10:07:16 PDT"]
[Termination "aa175 won by resignation"]

1. d4 g6 2. Bf4 Bg7 3. e3 c5 4. Nf3 Nf6 5. Nbd2 O-O 6. c3 d6 7.
Be2 Nc6 8. O-O Be6 9. h3 Qb6 10. Ng5 Bd7 11. Bh2 cxd4 12. exd4 Qxb2 13. Ngf3 Qxc3 14.
Nc4 Nd8 15. a3 b5 16. Rc1 Qxc1 17. Qxc1 bxc4 18. Qxc4 Ne6 19. Rb1 Rfc8 20. Qa2 a5 21. Bc4 Ne4 22. Rb7 Nc3 23. Qb3 Ba4 24. Qxc3 d5 25.
Be5 Rxc4 26. Qe3 Bf8 27. Ng5 Nxg5 28. Qxg5 f6 29. Bxf6 exf6 30. Qxd5+ Kh8 31. Qf7 Rc1+ 32. Kh2 Bd6+ 33. g3 Rh1+ 34. Kxh1 Bc6+ 35. Kh2 Bxb7 36.
Qxf6+ Kg8 37. Qe6+ Kh8 38. Qxd6 Re8 39. Qd7 Rf8 40. Qxb7 Rxf2+ 41. Kg1 Rf5 42. d5 Kg8 43.
d6 Kf8 44. Qe7+ Kg8 45. d7 1-0

[Event "*** SCC Grand Prix: Titled Tuesday Blitz"]
[Site "Chess.com"]
[Date "2020.10.06"]
[Round "1"]
[White "PotapovaM"]
[Black "anon569"]
[Result "1-0"]
[WhiteElo "2559"]
[BlackElo "2246"]
[TimeControl "180+1"]
[EndTime "10:07:16 PDT"]
[Termination "PotapovaM won by resignation"]

1. d4 Nf6 2. c4 e6 3. Nf3 Bb4+ 4. Nbd2 b6 5. a3 Bxd2+ 6. Qxd2 Bb7 7. e3 a5 8. b3 O-O 9. Bb2 d6 10. Bd3 Ne4 11. Qc2 f5 12. O-O Nd7 13. Nd2 Nxd2 14. Qxd2 e5 15. d5 e4 16. Bc2 Qg5 17. Kh1 Nf6 18.
f4 exf3 19. Rxf3 Ne4 20. Bxe4 fxe4 21. Rg3 Qe7 22. Rxg7+ Qxg7 23. Bxg7 Kxg7 24. Qd4+ Kg8 25. Qxe4 Rae8 26. Qg4+ Kh8 27. Qd4+ Kg8 28. Re1 Rf7 29.
h3 Bc8 30. e4 Ref8 31. Re3 Rg7 32. e5 dxe5 33. Rxe5 Bf5 34. Kh2 Bg6 35. b4 axb4 36.
axb4 Be8 37. c5 bxc5 38. bxc5 Bd7 39. d6 cxd6 40. cxd6 Kh8 41. Re7 1-0

[Event "*** SCC Grand Prix: Titled Tuesday Blitz"]
[Site "Chess.com"]
[Date "2020.10.06"]
[Round "1"]
[White "wannabe2700"]
[Black "diablanni"]
[Result "0-1"]
[WhiteElo "2697"]
[BlackElo "2388"]
[TimeControl "180+1"]
[EndTime "10:07:18 PDT"]
[Termination "diablanni won by checkmate"]

1. e4 c5 2. d4 cxd4 3. Nf3 Nc6 4. Nxd4 g6 5. c4 Nf6 6. Nc3 d6 7. Be2 Nxd4 8. Qxd4 Bg7 9. Be3 O-O 10. Qd2 a5 11. Rc1 a4 12. O-O Be6 13. Rfd1 Qa5 14. f3 Rfc8 15. Nd5 Qxd2 16. Bxd2 Nxd5 17. exd5 Bd7 18. Bc3 Bh6 19. Ra1 a3 20. b3 b5 21. Bd4 bxc4 22. Bxc4 Rab8 23. Re1 Kf8 24. Be3 Bxe3+ 25. Rxe3 Bb5 26.
Rc1 Rc5 27. Kf2 Rbc8 28. Rec3 e6 29. dxe6 d5 30. e7+ Kxe7 31. Re3+ Kf8 32. Bxb5 Rxc1 33. Bd3 R8c3 34. Ke2 Ra1 35. Re5 d4 36. Bc4 Rxa2+ 37.
Kd1 Rxg2 38. Ra5 a2 39. Ra8+ Kg7 40. Ra7 a1=Q+ 41. Rxa1 Rg1+ 42. Kd2 Rxa1 43. f4 Ra2+ 44. Kd1 Rh3 45. b4 Raxh2 46. b5 Ra3 47. b6 Ra1# 0-1

[Event "*** SCC Grand Prix: Titled Tuesday Blitz"]
[Site "Chess.com"]
[Date "2020.10.06"]
[Round "1"]
[White "MVM2008"]
[Black "Angel_Hranitel_37"]
[Result "1-0"]
[WhiteElo "2216"]
[BlackElo "2520"]
[TimeControl "180+1"]
[EndTime "10:07:18 PDT"]
[Termination "MVM2008 won by checkmate"]

1. e4 c5 2. Nf3 e6 3. d4 cxd4 4. Nxd4 Nf6 5. Nc3 Nc6 6. a3 Be7 7. Be2 O-O 8. O-O d5 9. exd5 Nxd5 10. Nxd5 Qxd5 11. Nxc6 Qxc6 12. Bd3 Bf6 13. Qe2 a5 14. Bf4 Bxb2 15. Rab1 Bf6 16. Be4 Qc3 17. Bd6 Rd8 18. Rfd1 Ra6 19. Rd3 Qc4 20. Bxh7+ Kh8 21. Be4 Kg8 22.
Bh7+ Kxh7 23. Rh3+ Qh4 24. Rxh4+ Bxh4 25. Qh5+ Kg8 26.
Qxh4 Raxd6 27. h3 f6 28. Qc4 Rc6 29. Qb5 Rxc2 30. Qxa5 Rdd2 31. Qa8 Rxf2 32. Rd1 Rxg2+ 33. Kh1 Kh7 34. Qa5 b6 35. Qh5+ Kg8 36. Rd8# 1-0

[Event "*** SCC Grand Prix: Titled Tuesday Blitz"]
[Site "Chess.com"]
[Date "2020.10.06"]
[Round "1"]
[White "nochewycandy"]
[Black "Stalri"]
[Result "0-1"]
[WhiteElo "2493"]
[BlackElo "2133"]
[TimeControl "180+1"]
[EndTime "10:07:20 PDT"]
[Termination "Stalri won by checkmate"]

1. e4 c5 2. b3 e6 3. Nf3 Nc6 4. Bb2 a6 5. c4 d6 6. d4 cxd4 7. Nxd4 Nf6 8. Nc3 Be7 9. Be2 O-O 10. O-O Nd7 11. Rc1 Bf6 12. Nc2 Nc5 13. f3 Rb8 14.
Qd2 Qe7 15. Rfd1 Rd8 16. Ne3 b6 17. Kh1 Nd4 18. Ncd5 exd5 19. Nxd5 Qe6 20. Nxf6+ Qxf6 21. Bxd4 Qg6 22. Qe3 Re8 23. Qf2 h5 24. Qg3 Qxg3 25. hxg3 Ne6 26. Be3 Rd8 27. Rd5 g6 28. Rcd1 b5 29. Rxd6 Re8 30. c5 f5 31. Bd3 Kf7 32.
exf5 gxf5 33. Bxf5 Rb7 34. c6 Rbe7 35. Bb6 Kf6 36.
Bh3 Ke5 37. R1d5+ Kf6 38. Bd4+ Kf7 39. Rf5+ Kg6 40. Rf6+ Kh7 41. Bf5+ Kg8 42. Rg6+ Kf7 43. Rh6 Nxd4 44. Bxc8 Re1+ 45. Kh2 Nxf3+ 46. gxf3 R8e2+ 47. Kh3 Rh1# 0-1

[Event "*** SCC Grand Prix: Titled Tuesday Blitz"]
[Site "Chess.com"]
[Date "2020.10.06"]
[Round "1"]
[White "FairChess_on_YouTube"]
[Black "djano"]
[Result "1-0"]
[WhiteElo "2974"]
[BlackElo "2469"]
[TimeControl "180+1"]
[EndTime "10:07:22 PDT"]
[Termination "FairChess_on_YouTube won by resignation"]

1. e4 g6 2. d4 Bg7 3. Nf3 d6 4.
Bc4 e6 5. O-O Ne7 6. Bb3 O-O 7. c3 b6 8. Re1 Bb7 9. Nbd2 Nd7 10.
Nf1 d5 11. e5 c5 12. Ng3 h6 13. h4 cxd4 14. cxd4 Rc8 15. Bf4 Kh7 16. Bc2 Nf5 17. h5 Kg8 18. Nxf5 gxf5 19. Qd2 f6 20. Ba4 fxe5 21.
Bxd7 Qxd7 22. Bxe5 Rc6 23. Rac1 Rfc8 24. Rxc6 Rxc6 25.
Qf4 Bc8 26. Re3 Bf8 27. Qg3+ Bg7 28. Nh4 Rc1+ 29. Kh2 Kf8 30. Ng6+ Ke8 31. Bxg7 Qxg7 32. Qd6 Qf6 33. g3 Bd7 34. Qxd5 Kd8 35. Qd6 Kc8 36. Ne5 Be8 37. Rc3+ Rxc3 38. bxc3 Bf7 39. Qd7+ 1-0

[Event "*** SCC Grand Prix: Titled Tuesday Blitz"]
[Site "Chess.com"]
[Date "2020.10.06"]
[Round "1"]
[White "BilodeauA"]
[Black "Miss_JJ20"]
[Result "1-0"]
[WhiteElo "2935"]
[BlackElo "2462"]
[TimeControl "180+1"]
[EndTime "10:07:22 PDT"]
[Termination "BilodeauA won on time"]

1. e4 e6 2. d4 d5 3. Nd2 Nf6 4.
e5 Nfd7 5. f4 c5 6. c3 Nc6 7.
Ndf3 Qb6 8. h4 cxd4 9. cxd4 Bb4+ 10. Kf2 f6 11. Kg3 h5 12. Bd3 Nf8 13. Ne2 Bd7 14. a3 Be7 15. b4 O-O-O 16. Bd2 Kb8 17. Bc3 Rc8 18. Qd2 Bd8 19. Rhb1 Rg8 20. a4 g5 21. hxg5 fxg5 22. fxg5 Bxg5 23. Nxg5 Qd8 24. Kh4 Ne7 25. Kh3 Nf5 26. Nf3 h4 27. Rf1 Qe7 28. Bxf5 exf5 29. Nf4 Rg3+ 30. Kh2 Be6 31. b5 Ng6 32. Bb4 Qf7 33.
Bd6+ Ka8 34. Rac1 Rg8 35. Rf2 h3 36. Kxg3 Nxe5+ 37. Kh2 hxg2 38. Bxe5 g1=Q+ 39. Nxg1 Qh7+ 40. Ngh3 1-0

[Event "*** SCC Grand Prix: Titled Tuesday Blitz"]
[Site "Chess.com"]
[Date "2020.10.06"]
[Round "1"]
[White "Carnivoras"]
[Black "SHIVACalypso"]
[Result "1-0"]
[WhiteElo "2672"]
[BlackElo "2354"]
[TimeControl "180+1"]
[EndTime "10:07:23 PDT"]
[Termination "Carnivoras won by resignation"]

1. d4 e6 2. c4 Nf6 3. Nc3 Bb4 4.
Qc2 b6 5. e4 c5 6. d5 Qe7 7.
Ne2 exd5 8. exd5 d6 9. Bd2 O-O 10. O-O-O Nbd7 11. Ng3 a6 12. Nf5 Qd8 13. Nxd6 Ne5 14.
Nxc8 Rxc8 15. h3 Re8 16. f4 Ng6 17. Bd3 b5 18. g4 bxc4 19. Bxc4 Bxc3 20. Bxc3 Ne4 21.
f5 Nf4 22. Rhe1 Nxc3 23. Qxc3 Qd6 24. Kb1 f6 25. Qg3 Rcd8 26. g5 fxg5 27. Qxg5 Qh6 28. Qxh6 gxh6 29. d6+ Kg7 30. Rxe8 Rxe8 31. Bxa6 Rd8 32.
h4 Kf6 33. d7 Kxf5 34. Bc8 Ne6 35. Rd5+ Kf6 36. Rd6 Ke7 37. Rc6 Nf8 38. Rxc5 Nxd7 39. Rc7 Kd6 40. Rxd7+ Rxd7 41. Bxd7 Kxd7 42. a4 Ke6 43. a5 Kf5 44. a6 Kg4 45. a7 1-0

[Event "*** SCC Grand Prix: Titled Tuesday Blitz"]
[Site "Chess.com"]
[Date "2020.10.06"]
[Round "1"]
[White "Margency"]
[Black "JuliaEfremova"]
[Result "1-0"]
[WhiteElo "2647"]
[BlackElo "2339"]
[TimeControl "180+1"]
[EndTime "10:07:23 PDT"]
[Termination "Margency won by resignation"]

1. e4 d5 2. exd5 Qxd5 3. Nc3 Qa5 4. d4 Nf6 5. Nf3 Bg4 6. h3 Bh5 7. g4 Bg6 8. Ne5 Nbd7 9. Nc4 Qa6 10. Bf4 Qe6+ 11. Ne3 O-O-O 12. Bg2 a6 13. Qf3 Qb6 14. Nc4 Qa7 15. Na5 e5 16. dxe5 Bb4 17. Qxb7+ Qxb7 18. Bxb7+ Kb8 19. Nc6+ Kxb7 20. Nxd8+ Rxd8 21. exf6 Bxc3+ 22. bxc3 Nxf6 23. Rb1+ Kc6 24. O-O Bxc2 25. Rb2 Be4 26. c4 Rd3 27. Rb3 Rd4 28. Rc3 Nd7 29. Be3 Rd6 30. f3 Bg6 31. Kf2 f6 32. Bf4 Re6 33.
Re1 Rxe1 34. Kxe1 Nc5 35. Be3 Ne6 36. Kf2 Bf7 37. f4 Nf8 38. f5 Nd7 39. Bd4 g6 40.
Ke3 gxf5 41. gxf5 Bh5 42. Ke4 a5 43. Ra3 Bf7 44. Kd3 Nb6 45. Rxa5 Nxc4 46. Rc5+ Kd6 47. Rxc4 Bxc4+ 48. Kxc4 Kc6 49. Bxf6 1-0

[Event "*** SCC Grand Prix: Titled Tuesday Blitz"]
[Site "Chess.com"]
[Date "2020.10.06"]
[Round "1"]
[White "MarceloPlaya"]
[Black "AleksibFan"]
[Result "0-1"]
[WhiteElo "2258"]
[BlackElo "2573"]
[TimeControl "180+1"]
[EndTime "10:07:24 PDT"]
[Termination "AleksibFan won on time"]

1. e4 d5 2. exd5 Qxd5 3. Nc3 Qd6 4. d4 Nf6 5. Nge2 Bg4 6. f3 Bh5 7. Bf4 Qd7 8. Qd2 e6 9. O-O-O Bb4 10. Kb1 Nc6 11. Qe3 O-O-O 12. g4 Bg6 13. Bg2 Rhe8 14. h4 h5 15. g5 Nd5 16. Nxd5 exd5 17. Qf2 Na5 18.
Bh3 Bf5 19. Bxf5 Qxf5 20. Bd2 Bxd2 21. Rxd2 Nc4 22. Rd3 g6 23. Ng3 Qf4 24. Ne2 Qf5 25.
Ng3 Qf4 26. Ne2 Qd6 27. b3 Na3+ 28. Kb2 Nb5 29. a4 Qa3+ 30. Kb1 Nd6 31. Nc3 c6 32. Qd2 Nf5 33. Na2 Qd6 34. Qa5 Kb8 35. b4 Qc7 36.
Qc5 Re6 37. Nc3 b6 38. Nxd5 cxd5 39. Qb5 Qc4 0-1

[Event "*** SCC Grand Prix: Titled Tuesday Blitz"]
[Site "Chess.com"]
[Date "2020.10.06"]
[Round "1"]
[White "gagtemp"]
[Black "chegueps"]
[Result "0-1"]
[WhiteElo "1947"]
[BlackElo "2486"]
[TimeControl "180+1"]
[EndTime "10:07:24 PDT"]
[Termination "chegueps won by resignation"]

1. e4 e6 2. d4 d5 3. Nc3 Nf6 4. e5 Nfd7 5. f4 c5 6. Nf3 Nc6 7. Be3 Be7 8. Qd2 O-O 9. dxc5 Bxc5 10. Bxc5 Nxc5 11. Nd4 Qb6 12. O-O-O Bd7 13. h4 Rac8 14.
h5 Rfd8 15. h6 g6 16. Ndb5 Ne4 17. Nxe4 dxe4 18. Nd6 Rc7 19. Kb1 Nb4 20. c3 Nd5 21. Ka1 Ba4 22. Re1 f6 23. Rxe4 fxe5 24. fxe5 Bc6 25.
Rg4 Be8 26. Bd3 Rxd6 27. exd6 Qxd6 28. Rf1 e5 29. Qf2 Rf7 30. Qe2 Rxf1+ 31. Qxf1 Ne3 32. Bc4+ Kh8 33. Qe2 b5 34. Bb3 Nxg4 35. Qxg4 Bd7 36.
Qe2 a5 37. a3 a4 38. Bc2 Be6 39. Qf2 Bc4 40. Qf6+ Qxf6 0-1

[Event "*** SCC Grand Prix: Titled Tuesday Blitz"]
[Site "Chess.com"]
[Date "2020.10.06"]
[Round "1"]
[White "flexova"]
[Black "severomorskij"]
[Result "0-1"]
[WhiteElo "2392"]
[BlackElo "2759"]
[TimeControl "180+1"]
[EndTime "10:07:26 PDT"]
[Termination "severomorskij won by resignation"]

1. e4 c5 2. Nc3 Nc6 3. Bb5 Nd4 4.
Nf3 e6 5. O-O Ne7 6. Nxd4 cxd4 7. Ne2 a6 8. Ba4 b5 9. Bb3 Nc6 10. d3 Be7 11. a4 b4 12. f4 O-O 13. Qe1 Bb7 14. Qg3 Na5 15. f5 Nxb3 16. cxb3 Kh8 17. Kh1 Qb6 18. Bf4 f6 19. Bc7 Qa7 20. a5 e5 21.
Rac1 Bc6 22. Bb6 Qb7 23. h4 Rac8 24. h5 h6 25. Ng1 d5 26. Nf3 dxe4 27. Nh4 Be8 28.
dxe4 Bxh5 29. Rxc8 Rxc8 30. Ng6+ Bxg6 31. Qxg6 Qxe4 32.
Rf3 Bd6 33. Rh3 Rc1+ 34. Kh2 Qf4+ 35. Rg3 Qh4+ 36. Rh3 e4+ 37. g3 Rc2+ 38. Kg1 Qxh3 39. Qe8+ Bf8 40. Qxf8+ Kh7 0-1

[Event "*** SCC Grand Prix: Titled Tuesday Blitz"]
[Site "Chess.com"]
[Date "2020.10.06"]
[Round "1"]
[White "nitpicker"]
[Black "AliKa2810"]
[Result "0-1"]
[WhiteElo "2253"]
[BlackElo "2566"]
[TimeControl "180+1"]
[EndTime "10:07:26 PDT"]
[Termination "AliKa2810 won on time"]

1. d4 Nf6 2. c4 g6 3. Nc3 Bg7 4. e4 d6 5. Be2 O-O 6. Nf3 Nbd7 7. O-O e5 8. d5 Nc5 9. Qc2 a5 10. Be3 Ng4 11. Bg5 f6 12. Bh4 Qe8 13. Nd2 Nh6 14. f3 f5 15. Bf2 f4 16. a3 a4 17. b4 axb3 18. Nxb3 b6 19. Nb5 Qf7 20. Nxc5 bxc5 21.
a4 g5 22. h3 Kh8 23. Rfb1 Ng8 24. Qd1 h5 25. Kf1 Nh6 26. Ke1 g4 27. hxg4 hxg4 28. fxg4 f3 29. Bxf3 Bxg4 30. Rb2 Qg6 31. Ra3 Rf4 32. Nxc7 Raf8 33. Ne6 Rxf3 34. gxf3 Rxf3 35.
Rxf3 Qxe4+ 36. Qe2 Qxe2+ 37. Kxe2 e4 38. a5 Bxf3+ 39.
Kf1 Bxb2 40. a6 e3 0-1

[Event "*** SCC Grand Prix: Titled Tuesday Blitz"]
[Site "Chess.com"]
[Date "2020.10.06"]
[Round "1"]
[White "tmr88"]
[Black "GameOverBro"]
[Result "0-1"]
[WhiteElo "2085"]
[BlackElo "2503"]
[TimeControl "180+1"]
[EndTime "10:07:26 PDT"]
[Termination "GameOverBro won on time"]

1. e4 d6 2. d4 Nf6 3. Nc3 e5 4. Nf3 Nbd7 5. Bc4 Be7 6. dxe5 dxe5 7. Bxf7+ Kxf7 8. Ng5+ Kg8 9. Ne6 Qe8 10. Nxc7 Qg6 11.
Nxa8 Qxg2 12. Rf1 Nc5 13. Be3 Bh3 14. Qe2 Kf7 15. O-O-O Bg4 16. Qc4+ Be6 17. Nd5 Rxa8 18. Bxc5 Rc8 19. Qd3 Bxc5 20. Nxf6 Qg5+ 21. Kb1 Qxf6 22. f3 Bd4 23. c3 Bc4 24. Qd2 Bxf1 25. cxd4 Qxf3 26.
dxe5 Qxe4+ 27. Ka1 Bb5 28. Qf2+ Kg8 29. Qg3 Qd3 30.
Qxd3 Bxd3 31. b3 Bf5 32. Re1 Kf7 33. Re2 b5 34. Kb2 b4 35. a3 a5 36. axb4 axb4 37.
Rf2 Ke6 38. h4 Rd8 39. Rg2 Rd1 40. Rxg7 Rb1+ 41. Ka2 Rh1 42. Rg5 Rh2+ 43. Ka1 Rxh4 44. Rg7 Rh1+ 0-1

[Event "*** SCC Grand Prix: Titled Tuesday Blitz"]
[Site "Chess.com"]
[Date "2020.10.06"]
[Round "1"]
[White "akanga001"]
[Black "RestartingChess"]
[Result "0-1"]
[WhiteElo "1859"]
[BlackElo "2477"]
[TimeControl "180+1"]
[EndTime "10:07:27 PDT"]
[Termination "RestartingChess won on time"]

1. d4 Nf6 2. c4 g6 3. Nc3 Bg7 4. Bg5 O-O 5. Nf3 c5 6. d5 d6 7. Nd2 e5 8. e4 h6 9. Bh4 Bg4 10. Be2 Bxe2 11. Qxe2 Nbd7 12. O-O g5 13. Bg3 Ne8 14.
Qd3 a6 15. a4 Rb8 16. f3 Qc7 17. h4 Qd8 18. hxg5 Qxg5 19. Kf2 f5 20. exf5 Rxf5 21.
Nde4 Qg6 22. Rh1 Ndf6 23. Raf1 Nxe4+ 24. Nxe4 Nf6 25. Nxf6+ Qxf6 26. Qe4 b5 27. axb5 axb5 28. Rb1 bxc4 29. Qxc4 Rb4 30. Qa6 e4 31. Qxd6 Qd4+ 32. Kf1 Qd3+ 33. Kg1 Qxb1+ 34. Kh2 Rh5+ 35. Bh4 Rxh4+ 36.
Kg3 Rg4+ 37. fxg4 Qd3+ 38. Kh2 e3 39. Qe6+ Kh7 40. Rf1 Qxf1 41. Qf5+ Qxf5 42. gxf5 e2 0-1

[Event "*** SCC Grand Prix: Titled Tuesday Blitz"]
[Site "Chess.com"]
[Date "2020.10.06"]
[Round "1"]
[White "Durarbayli"]
[Black "Emp3rador"]
[Result "1-0"]
[WhiteElo "2809"]
[BlackElo "2419"]
[TimeControl "180+1"]
[EndTime "10:07:28 PDT"]
[Termination "Durarbayli won by resignation"]

1. e4 d5 2. exd5 Qxd5 3. Nf3 Nf6 4. d4 Bg4 5. Be2 e6 6. c4 Qd8 7. Qb3 Qc8 8. h3 Bh5 9. Nc3 c6 10. Be3 Nbd7 11. g4 Bg6 12. Ne5 Nxe5 13. dxe5 Nd7 14. f4 Bc5 15. Bxc5 Nxc5 16. Qa3 b6 17. O-O-O O-O 18. Rhf1 h6 19. Rd6 Nb7 20. Rd2 Rd8 21. Rxd8+ Qxd8 22. Na4 Qd4 23. Qf3 Be4 24. Qf2 Qxf2 25.
Rxf2 Rd8 26. Bf1 Kf8 27. Re2 Bf3 28. Rd2 Rxd2 29. Kxd2 Ke7 30. b4 c5 31. Ke3 Bh1 32.
bxc5 bxc5 33. h4 Bc6 34. Nb2 Kd7 35. h5 Kc7 36. Bd3 Kb6 37. g5 Na5 38. Nd1 Nb7 39. Nf2 Ka5 40. Ng4 hxg5 41. fxg5 Kb4 42. h6 1-0

[Event "*** SCC Grand Prix: Titled Tuesday Blitz"]
[Site "Chess.com"]
[Date "2020.10.06"]
[Round "1"]
[White "mr65"]
[Black "pedromartinez91"]
[Result "0-1"]
[WhiteElo "2159"]
[BlackElo "2524"]
[TimeControl "180+1"]
[EndTime "10:07:28 PDT"]
[Termination "pedromartinez91 won by checkmate"]

1. e4 e6 2. d4 d5 3. Nc3 Nf6 4.
e5 Nfd7 5. Nce2 c5 6. c3 Nc6 7. f4 Qa5 8. Nf3 b5 9. g3 b4 10. Bd2 bxc3 11. bxc3 cxd4 12. cxd4 Bb4 13. Bxb4 Nxb4 14. Kf2 Ba6 15. Qd2 Rc8 16. Rb1 Nd3+ 17. Kg2 Qxd2 18. Nxd2 Rc2 19. Nf3 Nb6 20. Ne1 Rxa2 21.
Nxd3 Bxd3 22. Re1 Be4+ 23. Kg1 Bxh1 24. Kxh1 Ke7 25. Bh3 Rc8 26. f5 Rcc2 27. Nf4 Rxh2+ 28. Kg1 exf5 29. Bg2 Rhxg2+ 30. Nxg2 g5 31. Rc1 Nc4 32.
Rb1 Rb2 33. Rf1 a5 34. Rxf5 a4 35. Rxg5 a3 36. Nf4 a2 37. Nxd5+ Kd7 38. Nf6+ Kc7 39. e6 a1=Q# 0-1